 Dungeon Crawl Stone Soup version 0.31-a0-960-g0fca184906 (webtiles) character file.

Game seed: 10636784525668135466

4741 Gelion the Geomancer (level 10, -14/63 HPs)
             Began as a Gargoyle Earth Elementalist on Oct 24, 2023.
             Was a Believer of Ashenzari.
             Demolished by a skeletal warrior
             ... wielding a +0 glaive
              (23 damage)
             ... on level 9 of the Dungeon.
             The game lasted 00:27:04 (8736 turns).

Gelion the Geomancer (Gargoyle Earth Elementalist)  Turns: 8736, Time: 00:27:05

Health: -14/63     AC: 13    Str: 13    XL:     10   Next: 46%
Magic:  15/32      EV: 12    Int: 19    God:    Ashenzari [**....]
Gold:   566        SH:  0    Dex: 14    Spells: 19/27 levels left

rFire   . . .        E - +0 morningstar
rCold   . . .        (no shield)
rNeg    + + .        p - +2 robe "Lashed Embarrassment" {rN+ Dex+4, Bglg, Self} (curse)
rPois   ∞            (no helmet)
rElec   +            m - +1 cloak "Visionary Visionary" {Bglg, Comp} (curse)
rCorr   .            (no gloves)
SInv    +            (no boots)
Will    .....        x - amulet of regeneration
Stlth   ++           j - ring of Ashenzari's Comet {MP+9, Elem, Bglg} (curse)
HPRegen 1.10/turn    y - ring of wizardry
MPRegen 0.23/turn

%: wizardry (x1)
@: no status effects
A: sickness immunity, AC +7, negative energy resistance 1, electricity
resistance, torment resistance 1, petrification resistance
a: Renounce Religion, Shatter the Chains


You were on level 9 of the Dungeon.
You worshipped Ashenzari.
Ashenzari was pleased with you.
You visited 2 branches of the dungeon, and saw 10 of its levels.
You also visited: Sewer and Ossuary.

You collected 566 gold pieces.

Inventory:

Hand Weapons
 E - a +0 morningstar (weapon)
Missiles
 u - 2 throwing nets
Armour
 m - the cursed +1 cloak "Visionary Visionary" (worn) {Bglg, Comp}
   (You found it on level 2 of the Dungeon)

   It has a curse which improves the following skills: Beguiling: Conjurations,
   Hexes and Translocations.
   Companions: Summonings and Necromancy.
 p - the cursed +2 robe "Lashed Embarrassment" (worn) {rN+ Dex+4, Bglg, Self}
   (You found it on level 2 of the Dungeon)

   Dex+4:     It affects your dexterity (+4).
   rN+:       It protects you from negative energy.
   It has a curse which improves the following skills: Beguiling: Conjurations,
   Hexes and Translocations.
   Introspection: Fighting and Spellcasting.
 F - a +0 kite shield
Jewellery
 f - a +4 ring of protection
 j - the cursed ring of Ashenzari's Comet (left hand) {MP+9, Elem, Bglg}
   (You found it on level 1 of the Dungeon)

   [ring of magical power]

   MP+9:      It affects your magic capacity (+9).
   It has a curse which improves the following skills: Elements: Fire Magic, Ice
   Magic, Air Magic and Earth Magic.
   Beguiling: Conjurations, Hexes and Translocations.
 s - a +5 ring of evasion
 x - an amulet of regeneration (around neck)
 y - a ring of wizardry (right hand)
 A - a +4 ring of protection
 J - a ring of protection from fire
 K - the ring of Demons {Fly rElec rPois rC- Str+3}
   (You found it on level 8 of the Dungeon)

   [ring of flight]

   Str+3:     It affects your strength (+3).
   rC-:       It makes you vulnerable to cold.
   rElec:     It insulates you from electricity.
   rPois:     It protects you from poison Fly: It grants you flight.
Talismans
 C - a talisman of death
Wands
 c - a wand of paralysis (18)
 w - a wand of flame (7)
 D - a wand of digging (5)
Scrolls
 a - 3 scrolls of butterflies
 e - 2 scrolls of amnesia
 h - a scroll of immolation
 o - 2 scrolls of blinking
 v - a scroll of enchant weapon
 z - 4 scrolls of poison
 H - a scroll of vulnerability
 I - a scroll of silence
Potions
 b - a potion of magic
 d - a potion of resistance
 g - 4 potions of might
 i - a potion of enlightenment
 k - 4 potions of curing
 l - 4 potions of mutation
 n - 4 potions of lignification
 q - a potion of brilliance
 r - 4 potions of heal wounds
 t - 3 potions of invisibility
 B - 2 potions of haste
 G - 2 potions of attraction


   Skills:
 + Level 6.3(7.5) Fighting
 + Level 5.7 Maces & Flails
 - Level 1.5 Dodging
 - Level 2.1 Stealth
 * Level 8.1(9.3) Spellcasting
 + Level 3.4(5.5) Conjurations
 - Level 1.0 Transmutations
 * Level 10.8(11.9) Earth Magic


You had 19 spell levels left.
You knew the following spells:

 Your Spells              Type           Power      Damage    Failure   Level
a - Sandblast             Erth           100%       2d20      1%          1
b - Stone Arrow           Conj/Erth      84%        3d12      1%          3
c - Brom's Barrelling Bo  Conj/Erth      42%        2d6       1%          4

Your spell library contained the following spells:

 Spells                   Type           Power      Damage    Failure   Level
 Passwall                 Tmut/Erth      27%        N/A       1%          2
 Static Discharge         Conj/Air       38%        3-5/arc   1%          2
 Petrify                  Tmut/Erth      33%        N/A       2%          4
 Iskenderun's Battlesphe  Conj           29%        2d8       9%          5
 Fireball                 Conj/Fire      9%         3d6       26%         5
 Airstrike                Air            4%         2d(1-17)  28%         4
 Summon Lightning Spire   Summ/Air       9%         N/A       28%         4
 Conjure Ball Lightning   Conj/Air       9%         3x3d6     80%         6
 Orb of Destruction       Conj           14%        9d7       93%         7


Dungeon Overview and Level Annotations

Branches:
Dungeon (9/15)             Temple (1/1) D:5           Sewer (visited)
Ossuary (visited)
   Lair: D:8-11         Orc: D:9-12

Altars:
Ashenzari
Cheibriados
Dithmenos
Elyvilon
Fedhas
Gozag
Kikubaaqudgha
Makhleb
Nemelex Xobeh
Okawaru
Qazlal
Ru
Sif Muna
Trog
Uskayaw
Wu Jian
Xom
Yredelemnul
Zin
The Shining One


Innate Abilities, Weirdness & Mutations

You are immune to sickness and miasma.
Your stone body is resilient. (AC +7)
You are immune to poison.
You resist negative energy. (rN+)
You are resistant to electric shocks. (rElec)
You are resistant to unholy torment.
You are immune to petrification.


Message History

The stone arrow hits the skeletal warrior!
The skeletal warrior is heavily damaged.
The skeletal warrior hits you from afar with a +0 glaive!
Unknown command.
Casting: Stone Arrow (safe; 1% risk of failure)
Confirm with . or Enter, or press ? or * to list all spells.
Aiming: Stone Arrow (safe; 1% risk of failure)
Press: ? - help, Shift-Dir - straight line, f/p - skeletal warrior
Aim: a skeletal warrior, wielding a +0 glaive (heavily damaged, 76% to hit)
The stone arrow hits the skeletal warrior!
The skeletal warrior is severely damaged.
The skeletal warrior hits you from afar with a +0 glaive!
Unknown command.
Casting: Stone Arrow (safe; 1% risk of failure)
Confirm with . or Enter, or press ? or * to list all spells.
Aiming: Stone Arrow (safe; 1% risk of failure)
Press: ? - help, Shift-Dir - straight line, f/p - skeletal warrior
Aim: a skeletal warrior, wielding a +0 glaive (severely damaged, 76% to hit)
The stone arrow misses the skeletal warrior.
The skeletal warrior hits you from afar with a +0 glaive!
Unknown command.
Casting: Stone Arrow (safe; 1% risk of failure)
Confirm with . or Enter, or press ? or * to list all spells.
Aiming: Stone Arrow (safe; 1% risk of failure)
Press: ? - help, Shift-Dir - straight line, f/p - skeletal warrior
Aim: a skeletal warrior, wielding a +0 glaive (heavily damaged, 76% to hit)
The stone arrow hits the skeletal warrior!
The skeletal warrior is severely damaged.
The skeletal warrior hits you but does no damage.
Casting: Stone Arrow (safe; 1% risk of failure)
Confirm with . or Enter, or press ? or * to list all spells.
Aiming: Stone Arrow (safe; 1% risk of failure)
Press: ? - help, Shift-Dir - straight line, f/p - skeletal warrior
Aim: a skeletal warrior, wielding a +0 glaive (severely damaged, 76% to hit)
The stone arrow hits the skeletal warrior!
The skeletal warrior is severely damaged.
The skeletal warrior hits you from afar with a +0 glaive!
* * * LOW HITPOINT WARNING * * *
The skeletal warrior hits you from afar with a +0 glaive!!
You die...

........# .
#.......
..##......
.....)...########
$z......[...[[...
... #..o........
.$..#..[...[....
.........[......
...#.z.@([......
... #............
## ##...........
############


You could see 2 skeletal warriors and an orc priest.

Vanquished Creatures
  A komodo dragon (D:7)
  A wraith (D:9)
  A human (D:8)
  3 yaks (D:6)
  A water moccasin (D:5)
  An ice beast (D:7)
  3 orc warriors
  2 sky beasts (D:7)
  A black bear (D:5)
  An ogre (D:5)
  4 centaurs
  2 phantoms
  4 bullfrogs
  2 scorpions
  A gnoll sergeant (D:9)
  3 wights (D:7)
  10 killer bees (D:7)
  An electric eel (D:8)
  4 jellies
  2 hounds
  6 orc priests
  2 sleepcaps
  Jessica (D:2)
  A gnoll bouda (D:5)
  7 iguanas
  6 orc wizards
  Ijyb (D:4)
  9 mummies
  9 adders
  17 gnolls
  2 river rats
  A shadow imp (D:7)
  3 white imps
  4 ufetubi (D:6)
  A worm (Sewer)
  3 dart slugs
  28 orcs
  10 ball pythons
  8 bats
  17 endoplasms
  6 giant cockroaches
  14 hobgoblins
  2 jackals (D:3)
  5 quokkas
  2 frilled lizards
  3 gnoll zombies (Ossuary)
  4 hobgoblin zombies
  13 kobolds
  2 kobold zombies (D:5)
  3 orc zombies (Ossuary)
  27 rats
265 creatures vanquished.

Vanquished Creatures (collateral kills)
  3 boulders
3 creatures vanquished.

Vanquished Creatures (others)
  2 boulders
2 creatures vanquished.

Grand Total: 270 creatures vanquished

Notes
Turn   | Place    | Note
-------+----------+-------------------------------------------
     0 | D:1      | Gelion the Gargoyle Earth Elementalist began the quest for
                  | the Orb.
     0 | D:1      | Reached XP level 1. HP: 10/10 MP: 3/3
   288 | D:1      | Reached XP level 2. HP: 16/16 MP: 3/5
   333 | D:1      | Reached skill level 1 in Transmutations
   866 | D:2      | Reached skill level 4 in Earth Magic
   901 | D:2      | Reached skill level 1 in Fighting
   901 | D:2      | Reached XP level 3. HP: 20/20 MP: 6/6
  1010 | D:2      | Noticed Jessica
  1013 | D:2      | Killed Jessica
  1014 | D:2      | Reached skill level 1 in Maces & Flails
  1014 | D:2      | Reached XP level 4. HP: 25/25 MP: 8/8
  1132 | D:2      | Learned a level 3 spell: Stone Arrow
  1137 | D:2      | Learned a level 4 spell: Brom's Barrelling Boulder
  1158 | D:2      | Noticed a scorpion
  1164 | D:2      | Killed a scorpion
  1165 | D:2      | Reached XP level 5. HP: 24/30 MP: 9/9
  1315 | D:2      | Reached skill level 5 in Earth Magic
  1461 | D:2      | Identified the +2 robe of the Wumpus {rN+ Dex+4}
  2069 | D:3      | Found a glowing drain.
  2074 | Sewer    | Entered a sewer
  2285 | Sewer    | Reached XP level 6. HP: 35/35 MP: 11/11
  2285 | Sewer    | Found a viscous altar of Jiyva.
  3227 | D:4      | Noticed Ijyb
  3233 | D:4      | Reached skill level 6 in Earth Magic
  3240 | D:4      | Killed Ijyb
  3241 | D:4      | Reached XP level 7. HP: 15/40 MP: 1/13
  4239 | D:5      | Entered Level 5 of the Dungeon
  4314 | D:5      | Reached skill level 7 in Earth Magic
  4385 | D:5      | Reached skill level 5 in Spellcasting
  4385 | D:5      | Reached XP level 8. HP: 46/46 MP: 15/15
  4535 | D:5      | Found a white marble altar of Elyvilon.
  4657 | D:5      | Reached skill level 8 in Earth Magic
  4996 | D:5      | Found a staircase to the Ecumenical Temple.
  5002 | Temple   | Entered the Ecumenical Temple
  5030 | Temple   | Became a worshipper of Ashenzari the Shackled
  5182 | D:5      | Found a sparkling altar of Nemelex Xobeh.
  5558 | D:6      | Noticed a yak
  5559 | D:6      | Noticed a yak
  5560 | D:6      | Noticed a yak
  5570 | D:6      | Killed a yak
  5571 | D:6      | Reached XP level 9. HP: 51/52 MP: 18/18
  5576 | D:6      | Reached skill level 9 in Earth Magic
  6221 | D:7      | Reached skill level 5 in Fighting
  6327 | D:7      | Found a shimmering blue altar of Sif Muna.
  6345 | D:7      | Reached skill level 1 in Conjurations
  6891 | D:7      | Noticed a komodo dragon
  6903 | D:7      | Killed a komodo dragon
  6907 | D:7      | Reached skill level 5 in Maces & Flails
  7132 | D:7      | Reached skill level 10 in Earth Magic
  7144 | D:7      | Reached XP level 10. HP: 59/60 MP: 17/21
  7247 | D:7      | Reached * piety under Ashenzari
  7641 | D:8      | Found a sand-covered staircase.
  7647 | Ossuary  | Entered an ossuary
  8022 | D:8      | Reached ** piety under Ashenzari
  8048 | D:8      | Identified the ring of Demons {Fly rElec rPois rC- Str+3}
  8461 | D:9      | Noticed a skeletal warrior
  8461 | D:9      | Noticed a skeletal warrior
  8558 | D:9      | Noticed a skeletal warrior
  8736 | D:9      | Demolished by a skeletal warrior

Illustrated notes

Levels and vault maps discovered:
D:1:      minmay_arrival_three_doors, layout_loops_ring
D:2:      layout_basic, palyth_stone_intersect, minmay_rat_hole, uniq_jessica
D:3:      corexii_shack_village, layout_basic,
          mainiacjoe_sewer_entry_somewhere_in_here_1
D:4:      layout_gridville, grunt_tough_drop, uniq_ijyb
D:5:      layout_cave_pools, pf_just_have_faith, elyvilon_altar_1,
          minmay_temple_entry_fiery, minmay_mini_ossuary
D:6:      layout_loops_corners, minmay_crystal_room
D:7:      layout_basic, lemuel_crystal_altar, kennysheep_small_spiral,
          grunt_ministairs_2, hangedman_abyss_or_decor_passed,
          minmay_door_square
D:8:      layout_cave_pools, nicolae_ossuary_entry_ruins, minivault_4,
          minmay_misc_feat_five
D:9:      layout_roguey, erik_orc_4, nicolae_alphabet_shops
Temple:   bh_familiar_temple

Skill      XL: |  1  2  3  4  5  6  7  8  9 10 |
---------------+-------------------------------+-----
Transmutations | 1 |  1.0
Earth Magic    | 4 5 6 7 8 10 | 10.8
Fighting       | 1 2 3 4 5 6 |  6.3
Maces & Flails | 1 2 3 4 5 |  5.7
Spellcasting   | 3 4 5 6 7 8 |  8.1
Conjurations   | 2 3 |  3.4
Dodging        | |  1.5
Stealth        | |  2.1

Action                     |  1- 3 |  4- 6 |  7- 9 | 10-12 || total
---------------------------+-------+-------+-------+-------++-------
  Melee: Whip              |       |    49 |       |       ||    49
         Punch             |       |     1 |       |       ||     1
   Cast: Sandblast         |    30 |   135 |   156 |    54 ||   375
         Stone Arrow       |       |     5 |    35 |    32 ||    72
         Brom's Barrelling |       |       |     7 |     4 ||    11
 Invoke: Curse Item        |       |       |     1 |     2 ||     3
    Use: Scroll            |       |       |    14 |     1 ||    15
 Armour: Robe              |     7 |    95 |    62 |    46 ||   210
  Dodge: Dodged            |     7 |    86 |    58 |    30 ||   181

Table legend: (Time is in decaauts)
 A = Elapsed time spent in this place.
 B = Non-inter-level travel time spent in this place.
 C = Inter-level travel time spent in this place.
 D = Time resting spent in this place.
 E = Time spent auto-exploring this place.
 F = Levels seen in this place.
 G = Mean time per level.
                   A        B        C        D        E       F      G
               +--------+--------+--------+--------+--------+-----+--------+
         Total |   8960 |   8483 |    477 |    162 |   6803 |  12 |  746.7 |
       Dungeon |   8259 |   7835 |    424 |    162 |   6373 |   9 |  917.7 |
        Temple |     55 |      2 |     53 |      0 |      0 |   1 |   55.0 |
         Sewer |    385 |    385 |      0 |      0 |    247 |   1 |  385.0 |
       Ossuary |    259 |    259 |      0 |      0 |    183 |   1 |  259.0 |
               +--------+--------+--------+--------+--------+-----+--------+

Top non-repeatable levels by time:
     D:7: 1402 daAuts
     D:4: 1194 daAuts
     D:2: 1019 daAuts
     D:3: 979 daAuts
     D:5: 958 daAuts
     D:6: 926 daAuts
     D:1: 851 daAuts
     D:8: 813 daAuts
   Sewer: 385 daAuts
 Ossuary: 259 daAuts
     D:9: 113 daAuts
  Temple: 55 daAuts
